BSA
BEECH MOUNTAIN MOUNTAINEERS @ PHILADELPHIA ATHLETICS
04/22/2028
 
TOP OF THE 1ST
Beech Mountain Mountaineers batting - Pitching for Niagara Falls Frenzy : RHP George Nelson
Pitching: RHP George Nelson
Batting: LHB Lorenzo Quintanilla 0-0: Ball
1-0: Ball
2-0: Called Strike
2-1: Foul Ball, location: 2F
2-2: Foul Ball, location: 2F
2-2: Ball
3-2: Fly out, F8 (Flyball, 8RS)
Batting: SHB Miguel González 0-0: Called Strike
0-1: Ball
1-1: SINGLE (Flyball, 8LS)
Batting: LHB Chris Bates 0-0: Ball
1-0: Swinging Strike
1-1: Ball
2-1: Ball
3-1: Base on Balls
Miguel González to second
Batting: SHB Juan Castro 0-0: Called Strike
0-1: Fly out, F7 (Flyball, 7LS)
Batting: LHB Pedro Gonzáles 0-0: Called Strike
0-1: Ball
1-1: Fly out, F4 (Line Drive, 4)
Top of the 1st over - 0 run(s), 1 hit(s), 0 error(s), 2 left on base; Beech Mountain 0 - Niagara Falls 0
BOTTOM OF THE 1ST
Niagara Falls Frenzy batting - Pitching for Beech Mountain Mountaineers : RHP Yong-hoon Park
Pitching: RHP Yong-hoon Park
Batting: RHB Kel Pierce 0-0: Foul Ball, location: 2F
0-1: Swinging Strike
0-2: Ball
1-2: Ball
2-2: Strikes out swinging
Batting: LHB Yasuhiko Onodera 0-0: Called Strike
0-1: Ground out 4-3 (Groundball, 4)
Batting: LHB Clyde Yarbrough 0-0: Fly out, F8 (Flyball, 8LM)
Bottom of the 1st over - 0 run(s), 0 hit(s), 0 error(s), 0 left on base; Beech Mountain 0 - Niagara Falls 0
TOP OF THE 2ND
Beech Mountain Mountaineers batting - Pitching for Niagara Falls Frenzy : RHP George Nelson
Batting: SHB Rick Turner 0-0: Foul Ball, location: 2F
0-1: Foul Ball, location: 2F
0-2: Ball
1-2: Ball
2-2: Fly out, F7 (Flyball, 7S)
Batting: RHB John Anderson 0-0: Ground out 5-3 (Groundball, 56S)
Batting: RHB Jesús Cruz 0-0: Foul Ball, location: 2F
0-1: Ball
1-1: Foul Ball, location: 2F
1-2: Ball
2-2: Ball
3-2: SINGLE (Line Drive, 8LS)
Batting: RHB Rafael González 0-0: Ball
Jesús Cruz is caught stealing 2nd base
Top of the 2nd over - 0 run(s), 1 hit(s), 0 error(s), 0 left on base; Beech Mountain 0 - Niagara Falls 0
BOTTOM OF THE 2ND
Niagara Falls Frenzy batting - Pitching for Beech Mountain Mountaineers : RHP Yong-hoon Park
Batting: SHB Martín De Jesús 0-0: Foul Ball, location: 2F
0-1: DOUBLE (Groundball, 3L)
Batting: RHB Zander Tremblett 0-0: Foul Ball, location: 2F
0-1: Ball
1-1: Swinging Strike
1-2: Strikes out swinging
Batting: RHB Anastasio Villa 0-0: Swinging Strike
0-1: Fly out, F5 (Popup, 5S)
Batting: RHB Troy Lau 0-0: Ball
1-0: Ball
2-0: Ball
3-0: Called Strike
3-1: Called Strike
3-2: SINGLE (Line Drive, 8RS)
Martín De Jesús to third
Martín De Jesús scores
Batting: RHB Jung-ha Kim 0-0: Ball
1-0: Ball
2-0: Ball
3-0: Called Strike
3-1: Called Strike
3-2: Ground out 6-3 (Groundball, 6)
Bottom of the 2nd over - 1 run(s), 2 hit(s), 0 error(s), 1 left on base; Beech Mountain 0 - Niagara Falls 1
TOP OF THE 3RD
Beech Mountain Mountaineers batting - Pitching for Niagara Falls Frenzy : RHP George Nelson
Batting: RHB Rafael González 0-0: Ball
1-0: Foul Ball, location: 2F
1-1: Ball
2-1: Ball
3-1: Foul Ball, location: 2F
3-2: Base on Balls
Batting: LHB Lorenzo Quintanilla 0-0: Ball
1-0: Foul Ball, location: 2F
1-1: Foul Ball, location: 2F
1-2: Ball
2-2: Ball
3-2: Fly out, F8 (Flyball, 8LD)
Batting: SHB Miguel González 0-0: Ball
1-0: Ball
2-0: Ball
3-0: Called Strike
3-1: Foul Ball, location: 2F
3-2: Foul Ball, location: 2F
3-2: Base on Balls
Rafael González to second
Batting: LHB Chris Bates 0-0: Ball
1-0: Swinging Strike
1-1: DOUBLE (Groundball, 3L)
Rafael González scores
Miguel González to third
Batting: SHB Juan Castro 0-0: Foul Ball, location: 2F
0-1: Ball
1-1: Foul Ball, location: 2F
1-2: Strikes out swinging
Batting: LHB Pedro Gonzáles 0-0: Ball
1-0: DOUBLE (Line Drive, 78XD)
Miguel González scores
Chris Bates scores
Batting: SHB Rick Turner 0-0: Foul Ball, location: 2F
0-1: Ball
1-1: Swinging Strike
1-2: Fly out, F8 (Flyball, 8LS)
Top of the 3rd over - 3 run(s), 2 hit(s), 0 error(s), 1 left on base; Beech Mountain 3 - Niagara Falls 1
BOTTOM OF THE 3RD
Niagara Falls Frenzy batting - Pitching for Beech Mountain Mountaineers : RHP Yong-hoon Park
Batting: RHB Santiago Zambrano 0-0: Ball
1-0: Ground out 5-3 (Groundball, 56S)
Batting: RHB Kel Pierce 0-0: Ball
1-0: Swinging Strike
1-1: Ball
2-1: Called Strike
2-2: Ball
3-2: Ground out 6-3 (Groundball, 6)
Batting: LHB Yasuhiko Onodera 0-0: Ball
1-0: Swinging Strike
1-1: Foul Ball, location: 2F
1-2: Strikes out swinging
Bottom of the 3rd over - 0 run(s), 0 hit(s), 0 error(s), 0 left on base; Beech Mountain 3 - Niagara Falls 1
TOP OF THE 4TH
Beech Mountain Mountaineers batting - Pitching for Niagara Falls Frenzy : RHP George Nelson
Batting: RHB John Anderson 0-0: DOUBLE (Line Drive, 8RXD)
Batting: RHB Jesús Cruz 0-0: Called Strike
0-1: Fly out, F9 (Flyball, 9LS)
Batting: RHB Rafael González 0-0: Called Strike
0-1: Foul Ball, location: 2F
0-2: Ball
1-2: Foul Ball, location: 2F
1-2: Ball
2-2: Foul Ball, location: 2F
2-2: DOUBLE (Line Drive, 9LM)
John Anderson scores
Batting: LHB Lorenzo Quintanilla 0-0: Ball
1-0: Ball
2-0: Called Strike
2-1: Ball
3-1: Base on Balls
Batting: SHB Miguel González 0-0: Ball
1-0: Ball
2-0: Ball
3-0: Called Strike
3-1: Foul Ball, location: 2F
3-2: Base on Balls
Rafael González to third
Lorenzo Quintanilla to second
Batting: LHB Chris Bates 0-0: Foul Ball, location: 2F
0-1: Ball
1-1: Fly out, F9 (Line Drive, 9LS)
Runner from 3rd tags up, SCORES, no throw
Now in RF: Tomás Estrada
Batting: SHB Juan Castro 0-0: Ball
1-0: Ball
2-0: Foul Ball, location: 2F
2-1: Ball
3-1: Fly out, F9 (Flyball, 89M)
Top of the 4th over - 2 run(s), 2 hit(s), 0 error(s), 2 left on base; Beech Mountain 5 - Niagara Falls 1
BOTTOM OF THE 4TH
Niagara Falls Frenzy batting - Pitching for Beech Mountain Mountaineers : RHP Yong-hoon Park
Batting: LHB Clyde Yarbrough 0-0: Ball
1-0: Ball
2-0: Called Strike
2-1: Ball
3-1: Base on Balls
Batting: SHB Martín De Jesús 0-0: Grounds into double play, 6-4-3 (Groundball, 6)
Batting: RHB Zander Tremblett 0-0: Swinging Strike
0-1: Ball
1-1: SINGLE (Groundball, 6MD)
Batting: RHB Anastasio Villa 0-0: Called Strike
0-1: SINGLE (Line Drive, 56D)
Zander Tremblett to second
Batting: RHB Tomás Estrada 0-0: Called Strike
0-1: SINGLE (Groundball, 4D)
Zander Tremblett to third
Anastasio Villa to second
Runner from 3rd tries for Home, SAFE, no throw
Batting: RHB Jung-ha Kim 0-0: Fielders Choice at 2nd, 5-4 (Groundball, 56)
Bottom of the 4th over - 1 run(s), 3 hit(s), 0 error(s), 1 left on base; Beech Mountain 5 - Niagara Falls 2
TOP OF THE 5TH
Beech Mountain Mountaineers batting - Pitching for Niagara Falls Frenzy : RHP George Nelson
Pitching: RHP Stan Stewart
Batting: LHB Pedro Gonzáles 0-0: Called Strike
0-1: Ball
1-1: Ground out 4-3 (Groundball, 4)
Batting: SHB Rick Turner 0-0: Fly out, F8 (Flyball, 8LD)
Batting: RHB John Anderson 0-0: Fly out, F6 (Popup, 6D)
Top of the 5th over - 0 run(s), 0 hit(s), 0 error(s), 0 left on base; Beech Mountain 5 - Niagara Falls 2
BOTTOM OF THE 5TH
Niagara Falls Frenzy batting - Pitching for Beech Mountain Mountaineers : RHP Yong-hoon Park
Batting: RHB Santiago Zambrano 0-0: Called Strike
0-1: Ball
1-1: Ball
2-1: Called Strike
2-2: Ball
3-2: SINGLE (Groundball, 6MD)
Batting: RHB Kel Pierce 0-0: Ball
1-0: Called Strike
Santiago Zambrano steals 2nd base
1-1: Foul Ball, location: 2F
1-2: Ground out 5-3 (Groundball, 5)
Batting: LHB Yasuhiko Onodera 0-0: Ball
1-0: Foul Ball, location: 2F
1-1: Called Strike
1-2: Foul Ball, location: 2F
1-2: Foul Ball, location: 2F
1-2: Strikes out looking
Batting: LHB Clyde Yarbrough 0-0: Ball
1-0: Foul Ball, location: 2F
1-1: SINGLE (Groundball, 4MD)
Santiago Zambrano to third
Runner from 3rd tries for Home, SAFE, no throw
Batting: SHB Martín De Jesús 0-0: Fielders Choice at 2nd, 6-4 (Groundball, 6)
Bottom of the 5th over - 1 run(s), 2 hit(s), 0 error(s), 0 left on base; Beech Mountain 5 - Niagara Falls 3
TOP OF THE 6TH
Beech Mountain Mountaineers batting - Pitching for Niagara Falls Frenzy : RHP Stan Stewart
Batting: RHB Jesús Cruz 0-0: Ball
1-0: Called Strike
1-1: Ball
2-1: Ball
3-1: Base on Balls
Batting: RHB Rafael González 0-0: Ball
1-0: Foul Ball, location: 2F
1-1: Called Strike
1-2: Foul Ball, location: 2F
1-2: Grounds into double play, 5-4-3 (Groundball, 56)
Batting: LHB Lorenzo Quintanilla 0-0: Called Strike
0-1: Ball
1-1: Swinging Strike
1-2: Ball
2-2: Ball
3-2: Fly out, F7 (Flyball, 78M)
Top of the 6th over - 0 run(s), 0 hit(s), 0 error(s), 0 left on base; Beech Mountain 5 - Niagara Falls 3
BOTTOM OF THE 6TH
Niagara Falls Frenzy batting - Pitching for Beech Mountain Mountaineers : RHP Yong-hoon Park
Batting: RHB Zander Tremblett 0-0: Called Strike
0-1: Swinging Strike
0-2: Fly out, F8 (Flyball, 8RS)
Batting: RHB Anastasio Villa 0-0: Called Strike
0-1: Fly out, F9 (Flyball, 9)
Batting: RHB Tomás Estrada 0-0: Ground out 6-3 (Groundball, 56)
Bottom of the 6th over - 0 run(s), 0 hit(s), 0 error(s), 0 left on base; Beech Mountain 5 - Niagara Falls 3
TOP OF THE 7TH
Beech Mountain Mountaineers batting - Pitching for Niagara Falls Frenzy : RHP Stan Stewart
Batting: SHB Miguel González 0-0: Ball
1-0: Ball
2-0: Foul Ball, location: 2F
2-1: Ground out 6-3 (Groundball, 6M)
Batting: LHB Chris Bates 0-0: Called Strike
0-1: Ball
1-1: Foul Ball, location: 2F
1-2: Ball
2-2: Ground out 1-3 (Groundball, P)
Batting: SHB Juan Castro 0-0: Ball
1-0: Fly out, F4 (Popup, 4)
Top of the 7th over - 0 run(s), 0 hit(s), 0 error(s), 0 left on base; Beech Mountain 5 - Niagara Falls 3
BOTTOM OF THE 7TH
Niagara Falls Frenzy batting - Pitching for Beech Mountain Mountaineers : RHP Yong-hoon Park
Batting: RHB Jung-ha Kim 0-0: Called Strike
0-1: Foul Ball, location: 2F
0-2: Ball
1-2: Ball
2-2: Foul Ball, location: 2F
2-2: Foul Ball, location: 2F
2-2: Strikes out looking
Batting: RHB Santiago Zambrano 0-0: Called Strike
0-1: Swinging Strike
0-2: Ground out 6-3 (Groundball, 6)
Batting: RHB Kel Pierce 0-0: Swinging Strike
0-1: Ball
1-1: Ball
2-1: Foul Ball, location: 2F
2-2: Strikes out looking
Bottom of the 7th over - 0 run(s), 0 hit(s), 0 error(s), 0 left on base; Beech Mountain 5 - Niagara Falls 3
TOP OF THE 8TH
Beech Mountain Mountaineers batting - Pitching for Niagara Falls Frenzy : RHP Stan Stewart
Batting: LHB Pedro Gonzáles 0-0: Foul Ball, location: 2F
0-1: Ball
1-1: Ground out 4-3 (Groundball, 4)
Batting: SHB Rick Turner 0-0: Foul Ball, location: 2F
0-1: Ball
1-1: Ball
2-1: Ball
3-1: Base on Balls
Batting: RHB John Anderson 0-0: Ball
1-0: Ground out 1-3 (Groundball, 13S)
Rick Turner to second
Batting: RHB Jesús Cruz 0-0: Ball
1-0: Ball
2-0: Foul Ball, location: 2F
2-1: Ball
3-1: Fly out, F4 (Popup, 4D)
Top of the 8th over - 0 run(s), 0 hit(s), 0 error(s), 1 left on base; Beech Mountain 5 - Niagara Falls 3
BOTTOM OF THE 8TH
Niagara Falls Frenzy batting - Pitching for Beech Mountain Mountaineers : RHP Yong-hoon Park
Pitching: RHP Mang Tow
Batting: LHB Yasuhiko Onodera 0-0: Foul Ball, location: 2F
0-1: Ball
1-1: Ball
2-1: Called Strike
2-2: Ground out 1-3 (Groundball, 15)
Batting: LHB Clyde Yarbrough 0-0: Ball
1-0: Foul Ball, location: 2F
1-1: Ball
2-1: Called Strike
2-2: Fly out, F7 (Flyball, 7LM)
Batting: SHB Martín De Jesús 0-0: Fly out, F9 (Flyball, 9D)
Bottom of the 8th over - 0 run(s), 0 hit(s), 0 error(s), 0 left on base; Beech Mountain 5 - Niagara Falls 3
TOP OF THE 9TH
Beech Mountain Mountaineers batting - Pitching for Niagara Falls Frenzy : RHP Stan Stewart
Batting: RHB Rafael González 0-0: Ground out 3-1 (Groundball, 34)
Batting: LHB Lorenzo Quintanilla 0-0: Foul Ball, location: 2F
0-1: Ground out 5-3 (Groundball, 56)
Batting: SHB Miguel González 0-0: Ball
1-0: Called Strike
1-1: Ball
2-1: Foul Ball, location: 2F
2-2: Strikes out swinging
Top of the 9th over - 0 run(s), 0 hit(s), 0 error(s), 0 left on base; Beech Mountain 5 - Niagara Falls 3
BOTTOM OF THE 9TH
Niagara Falls Frenzy batting - Pitching for Beech Mountain Mountaineers : RHP Mang Tow
Pitching: RHP Rafael López
Batting: RHB Zander Tremblett 0-0: Ball
1-0: Ball
2-0: Ball
3-0: Base on Balls
Batting: RHB Anastasio Villa 0-0: Called Strike
0-1: Ball
1-1: Called Strike
1-2: DOUBLE (Line Drive, 7LM)
Zander Tremblett to third
Pinch Hitting: LHB Jerry Johnston 0-0: Ball
1-0: Fly out, F7 (Flyball, 7LS)
Pinch Hitting: RHB Jorge Cora 0-0: Swinging Strike
0-1: Ball
1-1: Ball
2-1: Ball
3-1: Base on Balls
Batting: RHB Santiago Zambrano 0-0: Ball
1-0: Ground out 4-3 (Groundball, 4MS)
Zander Tremblett scores
Anastasio Villa to third
Jorge Cora to second
Batting: RHB Kel Pierce 0-0: Called Strike
0-1: Ground out 3-1 (Groundball, 34)
Bottom of the 9th over - 1 run(s), 1 hit(s), 0 error(s), 2 left on base; Beech Mountain 5 - Niagara Falls 4
Tuesday, August 8th, 2017 - OOTP Baseball 17.12 Build 75